 Dungeon Crawl Stone Soup version 0.26-a0-665-gefeb406119 (webtiles) character file.

Game seed: 16833300020324465474

15101 mandarbmax the Fighter (level 12, 0/159 HPs)
             Began as an Ogre Transmuter on Oct 15, 2020.
             Was the Champion of Makhleb.
             Slain by an eight-headed hydra (12 damage)
             ... on level 2 of the Lair of Beasts.
             The game lasted 00:33:39 (15436 turns).

mandarbmax the Fighter (Ogre Transmuter)           Turns: 15436, Time: 00:33:39

Health: 0/159      AC:  5    Str: 17    XL:     12   Next: 23%
Magic:  18/25      EV: 12    Int: 16    God:    Makhleb [******]
Gold:   667        SH:  0    Dex: 11    Spells: 3/17 levels left

rFire    x . .     SeeInvis .     - Unarmed
rCold    + + +     Faith    +   (shield currently unavailable)
rNeg     . . .     Spirit   .   (armour currently unavailable)
rPois    +         Reflect  .   (helmet currently unavailable)
rElec    .         Harm     .   (cloak currently unavailable)
rCorr    .         Rampage  .   (gloves unavailable)
MR       +....     Rnd*Rage +   (boots unavailable)
Stlth    +.........             p - amulet of faith
HPRegen  0.36/turn              d - ring of magical power
MPRegen  0.19/turn              J - +4 ring of slaying

@: ice-form, very slightly contaminated
A: large, unfitting armour, berserk 1, blurry vision 1, screaming 1
a: End Transformation, Minor Destruction, Lesser Servant of Makhleb, Major
Destruction, Greater Servant of Makhleb, Renounce Religion


You were on level 2 of the Lair of Beasts.
You worshipped Makhleb.
Makhleb was exalted by your worship.
You were a creature of crystalline ice.
You visited 2 branches of the dungeon, and saw 11 of its levels.

You collected 784 gold pieces.
You spent 117 gold pieces at shops.

Inventory:

Missiles
 v - 11 silver boomerangs
 y - 27 poisoned darts
 B - 5 javelins (quivered)
 E - 3 boomerangs
Armour
 u - a +2 cloak (melded)
 A - a +2 robe of cold resistance (melded)
 K - a +2 hat (melded)
Jewellery
 b - an uncursed ring of protection from fire
 d - a ring of magical power (left front paw)
 p - an amulet of faith (around neck)
 J - a +4 ring of slaying (right front paw)
Wands
 o - a wand of flame (30)
 q - a wand of random effects (34)
 s - a wand of iceblast (10)
 z - a wand of disintegration (10)
 H - a wand of enslavement (10)
Scrolls
 a - 3 scrolls of identify
 f - 4 scrolls of remove curse
 g - 4 scrolls of fear
 k - a scroll of fog
 l - 3 scrolls of magic mapping
 n - 8 scrolls of teleportation
 w - 3 scrolls of blinking
 x - a scroll of immolation
 G - 2 scrolls of amnesia
 I - 2 scrolls of brand weapon
 L - a scroll of vulnerability
 M - a scroll of silence
Potions
 c - 4 potions of might
 e - 10 potions of curing
 h - 3 potions of flight
 i - 3 potions of lignification
 j - 4 potions of ambrosia
 m - 3 potions of haste
 r - a potion of resistance
 t - a potion of stabbing
 C - a potion of cancellation
 D - a potion of magic
 N - a potion of brilliance
Miscellaneous
 F - a phantom mirror


   Skills:
 + Level 12.8 Fighting
 - Level 4.0 Throwing
 + Level 6.2 Dodging
 - Level 12.0 Unarmed Combat
 - Level 3.0 Spellcasting
 + Level 0.0 Necromancy
 + Level 4.0 Transmutations
 + Level 0.0 Ice Magic
 - Level 2.0 Poison Magic
 - Level 6.0 Invocations


You had 3 spell levels left.
You knew the following spells:

 Your Spells              Type           Power        Failure   Level
a - Beastly Appendage     Tmut           ###...       3%          1
b - Wereblood             Tmut           ###.....     5%          2
c - Spider Form           Tmut/Pois      ##........   16%         3
d - Ice Form              Ice/Tmut       #.......     63%         4
e - Animate Dead          Necr           #.........   88%         4

Your spell library contained the following spells:

 Spells                   Type           Power        Failure   Level
 Magic Dart               Conj           #...         19%         1
 Summon Small Mammal      Summ           #...         19%         1
 Poisonous Vapours        Pois/Air       #.....       19%         2
 Blink                    Tloc           N/A          28%         2
 Call Imp                 Summ           #.......     28%         2
 Slow                     Hex            #.......     28%         2
 Mephitic Cloud           Conj/Pois/Air  #.......     41%         3
 Call Canine Familiar     Summ           #.......     50%         3
 Conjure Flame            Conj/Fire      #.......     50%         3
 Summon Guardian Golem    Hex/Summ       #.......     50%         3
 Blade Hands              Tmut           ###.......   69%         5
 Summon Ice Beast         Ice/Summ       #.......     88%         4
 Summon Lightning Spire   Summ/Air       #.......     88%         4
 Borgnjor's Vile Clutch   Necr/Erth      #.........   99%         5
 Death Channel            Necr           #.........   100%        6
 Freezing Cloud           Conj/Ice/Air   #.........   100%        6
 Simulacrum               Ice/Necr       #.........   100%        6


Dungeon Overview and Level Annotations

Branches:
Dungeon (9/15)             Temple (0/1) D:5            Lair (2/6) D:9
    Orc (0/2) D:9
  Swamp: Lair:2-4    Shoals: Lair:2-4     Snake: Lair:2-4    Spider: Lair:2-4

Altars:
Cheibriados
Dithmenos
Elyvilon
Fedhas
Gozag
Hepliaklqana
Kikubaaqudgha
Makhleb
Nemelex Xobeh
Sif Muna
Trog
Yredelemnul
The Shining One

Shops:
D:7 *

Annotations:
Lair:1 exclusion: 2 oklob plants


Innate Abilities, Weirdness & Mutations

You are too large for most types of armour.
((You have tough skin. (AC +1)))
You tend to lose your temper in combat.
Scrolls take you a little longer to read.
You occasionally shout uncontrollably at your foes.


Message History

* * * LOW HITPOINT WARNING * * *
There is a stone staircase leading up here.
Really read with blurry vision while enemies are nearby? [Y]es or [N]o only, please.
Really read with blurry vision while enemies are nearby? [Y]es or [N]o only, please.
Really read with blurry vision while enemies are nearby? [Y]es or [N]o only, please.
Really read with blurry vision while enemies are nearby?
You begin reading the scroll.
You continue reading the scroll.
The eight-headed hydra completely misses you.
The eight-headed hydra closely misses you.
The eight-headed hydra bites you!
* * * LOW HITPOINT WARNING * * *
The eight-headed hydra misses you.
The eight-headed hydra barely misses you.
The eight-headed hydra bites you!
* * * LOW HITPOINT WARNING * * *
The eight-headed hydra bites you!
You die...

..## ####P............##
+.#####..#..............#
..........#............##
.........###...........#
.........##............#
..........##...........#
.......................##
.........+......D.......#
........D#......Y......P#
##.+.P..####............#
##....## #............##
##.###.# ##P.##.#.###.#
P##.#..## #######...###
........# ##..##
........## ######...##
.........# #.........#
.<......## #.........#


You could see an eight-headed hydra.

Vanquished Creatures
  2 two-headed ogres
  Maurice (D:8)
  2 black mambas (Lair:1)
  Psyche (D:8)
  2 cane toads
  2 komodo dragons (Lair:2)
  A troll (D:8)
  3 blink frogs (Lair:2)
  2 wyverns
  A human (D:9)
  24 yaks
  2 basilisks (Lair:1)
  4 water moccasins (Lair:2)
  6 orc warriors
  An eye of draining (D:8)
  A hornet zombie (D:5)
  2 ice beasts
  2 black bears
  3 ogres
  2 phantoms
  2 sky beasts
  5 centaurs
  4 wolves (Lair:1)
  2 big kobolds (D:9)
  7 bullfrogs
  6 scorpions
  9 wights (D:8)
  An electric eel (Lair:1)
  A bullfrog zombie (D:7)
  A centaur zombie (D:5)
  2 jellies
  5 hounds
  8 orc priests
  An iron imp (D:7)
  12 orc wizards
  2 bullfrog skeletons
  4 iguanas
  A centaur skeleton (D:5)
  6 worker ants
  2 hound skeletons
  A howler monkey zombie (D:5)
  3 gnolls (D:6)
  7 adders
  3 shadow imps
  A white imp (D:9)
  3 ufetubi
  2 oozes
  An adder zombie (D:5)
  An adder skeleton (D:7)
  A worm (D:3)
  3 dart slugs
  5 leopard geckos
  49 orcs
  12 bats
  8 giant cockroaches
  10 goblins
  10 hobgoblins
  6 jackals
  16 kobolds
  9 quokkas
  A ball python (D:3)
  5 frilled lizards
  A giant cockroach zombie (D:5)
  A jackal zombie (D:7)
  A leopard gecko skeleton (D:6)
  A leopard gecko zombie (D:6)
  7 rats
313 creatures vanquished.

Vanquished Creatures (collateral kills)
  Gastronok (D:8)
  An orc warrior (D:8)
2 creatures vanquished.

Vanquished Creatures (others)
  10 fungi
  16 plants
26 creatures vanquished.

Grand Total: 341 creatures vanquished

Notes
Turn   | Place    | Note
-------+----------+-------------------------------------------
     0 | D:1      | mandarbmax the Ogre Transmuter began the quest for the Orb.
     0 | D:1      | Reached XP level 1. HP: 19/19 MP: 3/3
   383 | D:1      | Reached XP level 2. HP: 21/28 MP: 3/5
   868 | D:1      | Reached XP level 3. HP: 35/35 MP: 5/7
   891 | D:1      | Learned a level 2 spell: Wereblood
   895 | D:1      | Learned a level 3 spell: Spider Form
  1136 | D:2      | Found a shimmering blue altar of Sif Muna.
  1142 | D:2      | Found a burning altar of Makhleb.
  1143 | D:2      | Found a sparkling altar of Nemelex Xobeh.
  1146 | D:2      | Became a worshipper of Makhleb the Destroyer
  1272 | D:2      | Found a blossoming altar of Fedhas.
  1546 | D:2      | Reached XP level 4. HP: 9/42 MP: 5/8
  2071 | D:2      | Noticed a sky beast
  2079 | D:2      | Killed a sky beast
  2079 | D:2      | Reached skill level 1 in Poison Magic
  2079 | D:2      | Reached XP level 5. HP: 30/52 MP: 5/9
  2470 | D:3      | Reached * piety under Makhleb
  2814 | D:3      | Reached XP level 6. HP: 61/61 MP: 6/10
  3720 | D:4      | Noticed a wyvern
  3736 | D:4      | Killed a wyvern
  3953 | D:4      | Reached XP level 7. HP: 67/71 MP: 1/11
  4055 | D:4      | Reached skill level 5 in Fighting
  4443 | D:4      | Reached ** piety under Makhleb
  4806 | D:5      | Entered Level 5 of the Dungeon
  5590 | D:5      | Reached XP level 8. HP: 61/87 MP: 9/12
  5769 | D:5      | Reached skill level 5 in Unarmed Combat
  5810 | D:5      | Found a staircase to the Ecumenical Temple.
  6014 | D:5      | Found a bloodstained altar of Trog.
  6097 | D:5      | Found a glowing golden altar of the Shining One.
  6713 | D:6      | Found an ancient bone altar of Kikubaaqudgha.
  6749 | D:6      | Reached skill level 1 in Throwing
  7336 | D:6      | Found a shadowy altar of Dithmenos.
  7336 | D:6      | Found a hazy altar of Hepliaklqana.
  7339 | D:6      | Noticed a shadow
  7702 | D:7      | Reached *** piety under Makhleb
  7780 | D:7      | Found a white marble altar of Elyvilon.
  7819 | D:7      | Reached XP level 9. HP: 82/97 MP: 13/13
  7894 | D:7      | Found a snail-covered altar of Cheibriados.
  8272 | D:7      | Found a basalt altar of Yredelemnul.
  8344 | D:7      | Noticed a two-headed ogre
  8360 | D:7      | Killed a two-headed ogre
  8370 | D:7      | Reached skill level 1 in Invocations
  8796 | D:7      | Found Zehe's General Store.
  8799 | D:7      | Bought a scroll of identify for 26 gold pieces
  8799 | D:7      | Bought a potion of lignification for 39 gold pieces
  8799 | D:7      | Bought a potion of might for 52 gold pieces
  9227 | D:7      | Found an opulent altar of Gozag.
  9557 | D:8      | You fall into a shaft and drop 1 floor!
  9579 | D:9      | Reached skill level 10 in Fighting
  9585 | D:9      | Reached XP level 10. HP: 82/110 MP: 14/14
  9616 | D:9      | Reached **** piety under Makhleb
  9911 | D:8      | Noticed Gastronok
  9986 | D:9      | Found a staircase to the Orcish Mines.
 10148 | D:8      | Noticed Psyche
 10163 | D:8      | Killed Psyche
 10549 | D:8      | Noticed Maurice
 10570 | D:8      | Killed Maurice
 10799 | D:8      | Reached ***** piety under Makhleb
 10903 | D:8      | Killed Gastronok
 10903 | D:8      | Reached skill level 10 in Unarmed Combat
 10907 | D:8      | Reached XP level 11. HP: 18/120 MP: 15/15
 11274 | D:7      | Learned a level 4 spell: Ice Form
 11462 | D:8      | Gained mutation: You tend to lose your temper in combat.
                  | [mutagenic glow]
 11696 | D:8      | Found a bloodstained altar of Trog.
 11885 | D:9      | Found a staircase to the Lair.
 12171 | D:9      | Noticed a two-headed ogre
 12183 | D:9      | Killed a two-headed ogre
 12183 | D:9      | Reached skill level 5 in Invocations
 12714 | Lair:1   | Entered Level 1 of the Lair of Beasts
 13048 | Lair:1   | Noticed an oklob plant
 13048 | Lair:1   | Noticed an oklob plant
 13422 | Lair:1   | Reached skill level 5 in Dodging
 14406 | Lair:2   | Learned a level 4 spell: Animate Dead
 14490 | Lair:2   | Reached XP level 12. HP: 133/133 MP: 16/16
 14597 | Lair:2   | Reached ****** piety under Makhleb
 14896 | Lair:2   | Noticed an eight-headed hydra
 15351 | Lair:1   | Gained mutation: You occasionally shout uncontrollably at
                  | your foes. [mutagenic glow]
 15364 | Lair:1   | Gained mutation: Scrolls take you a little longer to read.
                  | [mutagenic glow]
 15436 | Lair:2   | Slain by an eight-headed hydra

Illustrated notes

Levels and vault maps discovered:
D:1:      dpeg_arrival_pond, layout_basic, fountainhead
D:2:      layout_rooms, gammafunk_temple_overflow_forgotten,
          nicolae_overflow_crystal_walls, minmay_tetromino_l4
D:3:      layout_basic, eino_tiny_chamber
D:4:      layout_loops_ring, chequers_serial_rivers_small_b
D:5:      layout_rooms, tso_oasis_becter, nicolae_overflow_hidden_temple,
          minmay_temple_entry_proselytizer, trog_book
D:6:      layout_loops_ring, riverfiend_overflow_shadow_ancestor,
          kiku_gazebo_pond_becter
D:7:      layout_basic, kennysheep_ying_yang, slow_altar_1, serial_shops, shop,
          serial_glass, glass_columns_a, glass_columns_b, lemuel_statue_altar
D:8:      layout_cave_pools, trog_hazing_becter, uniq_gastronok, uniq_maurice,
          uniq_psyche
D:9:      layout_basic, lair_entry_dummy, erik_orc_4, skrybe_limestone_x
Lair:1:   layout_regular_city, minmay_lair_oklob_chamber,
          infiniplex_staircase_pool_2, grunt_megastairs_5, serial_bayou_shore_a
Lair:2:   layout_roguey

Skill      XL: |  1  2  3  4  5  6  7  8  9 10 11 12 |
---------------+-------------------------------------+-----
Dodging        | 2 3 5 6 |  6.2
Transmutations | 2 3 4 |  4.0
Fighting       | 2 3 4 7 8 10 11 12 | 12.8
Unarmed Combat | 3 4 6 8 10 11 12 | 12.0
Spellcasting   | 3 |  3.0
Poison Magic   | 1 2 |  2.0
Throwing       | 2 4 |  4.0
Invocations    | 2 4 6 |  6.0

Action                   |  1- 3 |  4- 6 |  7- 9 | 10-12 || total
-------------------------+-------+-------+-------+-------++-------
Melee: Unarmed           |   116 |   117 |   350 |   413 ||   996
       Kick              |     9 |       |       |       ||     9
       Headbutt          |     3 |       |       |       ||     3
       Punch             |     1 |     1 |       |     1 ||     3
Throw: Dart              |       |       |     6 |       ||     6
       Boomerang         |       |       |       |     2 ||     2
       Javelin           |       |       |       |     2 ||     2
 Cast: Beastly Appendage |    15 |     1 |       |       ||    16
       Spider Form       |     9 |    23 |    53 |    46 ||   131
       Wereblood         |       |     1 |     7 |    14 ||    22
       Ice Form          |       |       |       |     6 ||     6
Invok: Minor Destruction |       |       |     1 |    14 ||    15
       Lesser Servant of |       |       |       |     2 ||     2
Evoke: Wand              |       |       |       |     2 ||     2
  Use: Potion            |       |     1 |       |       ||     1
       Scroll            |       |       |    19 |     7 ||    26
 Stab: Sleeping          |       |     1 |     1 |       ||     2
Armor: Robe              |    39 |     7 |     1 |    15 ||    62
       Skin              |     1 |     6 |    13 |    15 ||    35
Dodge: Dodged            |    63 |   124 |   245 |   329 ||   761

Table legend: (Time is in decaauts)
 A = Elapsed time spent in this place.
 B = Non-inter-level travel time spent in this place.
 C = Inter-level travel time spent in this place.
 D = Time resting spent in this place.
 E = Time spent auto-exploring this place.
 F = Levels seen in this place.
 G = Mean time per level.
                   A        B        C        D        E       F      G
               +--------+--------+--------+--------+--------+-----+--------+
         Total |  15347 |  14932 |    415 |   4046 |   8635 |  11 | 1395.2 |
       Dungeon |  12618 |  12246 |    372 |   3321 |   7075 |   9 | 1402.0 |
          Lair |   2729 |   2687 |     42 |    724 |   1560 |   2 | 1364.5 |
               +--------+--------+--------+--------+--------+-----+--------+

Top non-repeatable levels by time:
     D:7: 2134 daAuts
  Lair:1: 1774 daAuts
     D:6: 1621 daAuts
     D:4: 1499 daAuts
     D:9: 1455 daAuts
     D:3: 1397 daAuts
     D:8: 1271 daAuts
     D:1: 1267 daAuts
     D:2: 1020 daAuts
  Lair:2: 955 daAuts
     D:5: 951 daAuts
